| TOP OF THE 1ST |
|
Tulsa Drillers batting - Pitching for Columbia Fireflies : RHP Ryan Hemmerich
|
|
Pitching: RHP Ryan Hemmerich
|
|
|
Batting: RHB Steve Haskins
|
0-0: SINGLE (Groundball, 4S, EV 63.1 MPH) (infield hit)
|
|
Batting: RHB Jesse White
|
0-0: Ball 1-0: Called Strike 1-1: Ball 2-1: Grounds into double play, 6-4-3 (Groundball, 6, EV 82.5 MPH)
|
|
Batting: LHB Nick McGraw
|
0-0: Called Strike 0-1: Ball 1-1: Swinging Strike 1-2: Foul Ball, location: 2F 1-2: Ball 2-2: Fly out, F7 (Flyball, 7LM, EV 96.9 MPH)
|
| Top of the 1st over - 0 runs, 1 hit, 0 errors, 0 left on base; Tulsa 0 - Columbia 0 |
| BOTTOM OF THE 1ST |
|
Columbia Fireflies batting - Pitching for Tulsa Drillers : RHP Juan Isidro
|
|
Pitching: RHP Juan Isidro
|
|
|
Batting: RHB Billy Walker
|
0-0: Foul Ball, location: 2F 0-1: Ball 1-1: Ball 2-1: Ball 3-1: Foul Ball, location: 2F 3-2: Base on Balls
|
|
Batting: RHB Jeff MacPhee
|
0-0: Ball 1-0: Fly out, F8 (Flyball, 8RM, EV 93.8 MPH)
|
|
Batting: LHB Roy Riess
|
0-0: Ball Billy Walker steals 2nd base 1-0: Fly out, F6 (Popup, 6, EV 51.9 MPH)
|
|
Batting: LHB Roy Blonski
|
0-0: SINGLE (Groundball, 34D, EV 99.4 MPH) Billy Walker to third
|
|
Batting: LHB Pete DeHart
|
0-0: Ball 1-0: Called Strike 1-1: Ball 2-1: Fly out, F8 (Line Drive, 8RM, EV 105.0 MPH)
|
| Bottom of the 1st over - 0 runs, 1 hit, 0 errors, 2 left on base; Tulsa 0 - Columbia 0 |
| TOP OF THE 2ND |
|
Tulsa Drillers batting - Pitching for Columbia Fireflies : RHP Ryan Hemmerich
|
|
Batting: RHB Blake Beale
|
0-0: Ball 1-0: Called Strike 1-1: Fly out, F8 (Flyball, 8RM, EV 76.9 MPH)
|
|
Batting: RHB Dave Cordero
|
0-0: Fly out, F3 (Popup, 34, EV 74.4 MPH)
|
|
Batting: SHB Xavier Alaniz
|
0-0: Called Strike 0-1: Ball 1-1: Reached on error, E6 (Groundball, 6MS, EV 90.6 MPH)
|
|
Batting: RHB Koen van Oort
|
0-0: Ball 1-0: Ground out 5-3 (Groundball, 56S, EV 81.9 MPH)
|
| Top of the 2nd over - 0 runs, 0 hits, 1 error, 1 left on base; Tulsa 0 - Columbia 0 |
| BOTTOM OF THE 2ND |
|
Columbia Fireflies batting - Pitching for Tulsa Drillers : RHP Juan Isidro
|
|
Pitching: RHP Jason Englert
|
|
|
Batting: RHB Jonathan Jelich
|
0-0: Foul Ball, location: 2F 0-1: Ground out 6-3 (Groundball, 6, EV 103.8 MPH)
|
|
Batting: LHB Chris Carter
|
0-0: Ball 1-0: Ground out U3 (Groundball, 34, EV 84.4 MPH)
|
|
Batting: RHB Ricky Trejo
|
0-0: Ground out 6-3 (Groundball, 6, EV 77.5 MPH)
|
| Bottom of the 2nd over - 0 runs, 0 hits, 0 errors, 0 left on base; Tulsa 0 - Columbia 0 |
| TOP OF THE 3RD |
|
Tulsa Drillers batting - Pitching for Columbia Fireflies : RHP Ryan Hemmerich
|
|
Batting: RHB Billy Valadez
|
0-0: Called Strike 0-1: Called Strike 0-2: Foul Ball, location: 2F 0-2: Foul Ball, location: 2F 0-2: Ball 1-2: Ground out 6-3 (Groundball, 6, EV 103.8 MPH)
|
|
Batting: RHB Dave Archibeque
|
0-0: Fly out, F9 (Flyball, 9D, EV 81.2 MPH)
|
|
Batting: RHB Steve Haskins
|
0-0: Called Strike 0-1: Ground out 6-3 (Groundball, 6M, EV 81.2 MPH)
|
| Top of the 3rd over - 0 runs, 0 hits, 0 errors, 0 left on base; Tulsa 0 - Columbia 0 |
| BOTTOM OF THE 3RD |
|
Columbia Fireflies batting - Pitching for Tulsa Drillers : RHP Jason Englert
|
|
Batting: RHB Omar Gonzalez
|
0-0: Called Strike 0-1: Reached on error, E5 (Groundball, 56, EV 81.2 MPH)
|
|
Batting: RHB Billy Walker
|
0-0: Fielders Choice at 2nd, 5-4 (Groundball, 56S, EV 80.0 MPH)
|
|
Batting: RHB Jeff MacPhee
|
0-0: Called Strike Billy Walker steals 2nd base 0-1: Foul Ball, location: 2F 0-2: Ball 1-2: Foul Ball, location: 2F 1-2: Ground out 4-3 (Groundball, 4M, EV 98.8 MPH) Billy Walker to third
|
|
Batting: LHB Roy Riess
|
0-0: Foul Ball, location: 2F 0-1: Called Strike 0-2: SINGLE (Flyball, 4D, EV 83.8 MPH) Billy Walker scores
|
|
Batting: LHB Roy Blonski
|
0-0: Swinging Strike 0-1: Ball 1-1: Ball 2-1: Swinging Strike 2-2: Strikes out swinging
|
| Bottom of the 3rd over - 1 run, 1 hit, 1 error, 1 left on base; Tulsa 0 - Columbia 1 |
| TOP OF THE 4TH |
|
Tulsa Drillers batting - Pitching for Columbia Fireflies : RHP Ryan Hemmerich
|
|
Batting: RHB Jesse White
|
0-0: Called Strike 0-1: Ball 1-1: Ground out 6-3 (Groundball, 6, EV 85.6 MPH)
|
|
Batting: LHB Nick McGraw
|
0-0: Ball 1-0: Ball 2-0: Ball 3-0: Called Strike 3-1: Swinging Strike 3-2: Strikes out looking
|
|
Batting: RHB Blake Beale
|
0-0: Ground out 6-3 (Groundball, 56, EV 84.4 MPH)
|
| Top of the 4th over - 0 runs, 0 hits, 0 errors, 0 left on base; Tulsa 0 - Columbia 1 |
| BOTTOM OF THE 4TH |
|
Columbia Fireflies batting - Pitching for Tulsa Drillers : RHP Jason Englert
|
|
Batting: LHB Pete DeHart
|
0-0: Called Strike 0-1: Reached on error, E3 (Groundball, 34, EV 90.6 MPH)
|
|
Batting: RHB Jonathan Jelich
|
0-0: Ball 1-0: Called Strike 1-1: Swinging Strike 1-2: Foul Ball, location: 2F 1-2: Ball 2-2: DOUBLE (Line Drive, 9LM, EV 108.8 MPH) Pete DeHart to third Runner from 3rd tries for Home, SAFE, throw by RF to home
|
|
Batting: LHB Chris Carter
|
0-0: Called Strike 0-1: Ground out 5-3 (Groundball, 6, EV 85.0 MPH) Jonathan Jelich to third
|
|
Batting: RHB Ricky Trejo
|
0-0: Ball 1-0: Foul Ball, location: 2F 1-1: Called Strike 1-2: Foul Ball, location: 2F 1-2: Strikes out looking
|
|
Batting: RHB Omar Gonzalez
|
0-0: Ball 1-0: Fly out, F5 (Line Drive, 5, EV 73.8 MPH)
|
| Bottom of the 4th over - 1 run, 1 hit, 1 error, 1 left on base; Tulsa 0 - Columbia 2 |
| TOP OF THE 5TH |
|
Tulsa Drillers batting - Pitching for Columbia Fireflies : RHP Ryan Hemmerich
|
|
Batting: RHB Dave Cordero
|
0-0: Ball 1-0: Ball 2-0: Called Strike 2-1: Called Strike 2-2: Ground out 6-3 (Groundball, 6, EV 84.4 MPH)
|
|
Batting: SHB Xavier Alaniz
|
0-0: Ground out 4-3 (Groundball, 4M, EV 84.4 MPH)
|
|
Batting: RHB Koen van Oort
|
0-0: Ball 1-0: Ball 2-0: Ground out 6-3 (Groundball, 4M, EV 88.1 MPH)
|
| Top of the 5th over - 0 runs, 0 hits, 0 errors, 0 left on base; Tulsa 0 - Columbia 2 |
| BOTTOM OF THE 5TH |
|
Columbia Fireflies batting - Pitching for Tulsa Drillers : RHP Jason Englert
|
|
Batting: RHB Billy Walker
|
0-0: Swinging Strike 0-1: Ball 1-1: Called Strike 1-2: Strikes out swinging
|
|
Pitching: LHP Chris Mobley
|
|
|
Batting: RHB Jeff MacPhee
|
0-0: Fly out, F8 (Flyball, 8LD, EV 90.0 MPH)
|
|
Batting: LHB Roy Riess
|
0-0: Called Strike 0-1: Ball 1-1: Ball 2-1: Ball 3-1: Called Strike 3-2: Fly out, F8 (Flyball, 78M, EV 78.8 MPH)
|
| Bottom of the 5th over - 0 runs, 0 hits, 0 errors, 0 left on base; Tulsa 0 - Columbia 2 |
| TOP OF THE 6TH |
|
Tulsa Drillers batting - Pitching for Columbia Fireflies : RHP Ryan Hemmerich
|
|
Batting: RHB Billy Valadez
|
0-0: Called Strike 0-1: Ball 1-1: Ground out 5-3 (Groundball, 5, EV 103.8 MPH)
|
|
Batting: RHB Dave Archibeque
|
0-0: Foul Ball, location: 2F 0-1: Ball 1-1: Foul Ball, location: 2F 1-2: Strikes out swinging
|
|
Batting: RHB Steve Haskins
|
0-0: Foul Ball, location: 2F 0-1: Foul Ball, location: 2F 0-2: Ball 1-2: Ball 2-2: Ball 3-2: Foul Ball, location: 2F 3-2: Foul Ball, location: 2F 3-2: Strikes out swinging
|
| Top of the 6th over - 0 runs, 0 hits, 0 errors, 0 left on base; Tulsa 0 - Columbia 2 |
| BOTTOM OF THE 6TH |
|
Columbia Fireflies batting - Pitching for Tulsa Drillers : LHP Chris Mobley
|
|
Batting: LHB Roy Blonski
|
0-0: Called Strike 0-1: Swinging Strike 0-2: Foul Ball, location: 2F 0-2: Ball 1-2: Foul Ball, location: 2F 1-2: Ball 2-2: Strikes out swinging
|
|
Batting: LHB Pete DeHart
|
0-0: Called Strike 0-1: Ball 1-1: Called Strike 1-2: Strikes out looking
|
|
Batting: RHB Jonathan Jelich
|
0-0: Called Strike 0-1: Called Strike 0-2: Ball 1-2: Ball 2-2: Ball 3-2: Base on Balls
|
|
Batting: LHB Chris Carter
|
0-0: Foul Ball, location: 2F 0-1: Ball 1-1: Ball 2-1: Foul Ball, location: 2F 2-2: Strikes out swinging
|
| Bottom of the 6th over - 0 runs, 0 hits, 0 errors, 1 left on base; Tulsa 0 - Columbia 2 |
| TOP OF THE 7TH |
|
Tulsa Drillers batting - Pitching for Columbia Fireflies : RHP Ryan Hemmerich
|
|
Batting: RHB Jesse White
|
0-0: Called Strike 0-1: Ball 1-1: Fly out, F8 (Flyball, 8LM, EV 89.4 MPH)
|
|
Batting: LHB Nick McGraw
|
0-0: SINGLE (Groundball, 3D, EV 102.5 MPH)
|
|
Batting: RHB Blake Beale
|
0-0: Swinging Strike 0-1: Foul Ball, location: 2F 0-2: Ball 1-2: Ball 2-2: Fly out, F4 (Popup, 4D, EV 54.4 MPH)
|
|
Batting: RHB Dave Cordero
|
0-0: Ball 1-0: Fielders Choice at 2nd, 5-4 (Groundball, 56, EV 83.1 MPH)
|
| Top of the 7th over - 0 runs, 1 hit, 0 errors, 1 left on base; Tulsa 0 - Columbia 2 |
| BOTTOM OF THE 7TH |
|
Columbia Fireflies batting - Pitching for Tulsa Drillers : LHP Chris Mobley
|
|
Pitching: RHP Luis Lorez
|
|
|
Batting: RHB Ricky Trejo
|
0-0: Ball 1-0: Ball 2-0: Called Strike 2-1: Swinging Strike 2-2: Foul Ball, location: 2F 2-2: Foul Ball, location: 2F 2-2: Strikes out swinging
|
|
Batting: RHB Omar Gonzalez
|
0-0: Ground out 5-3 (Groundball, 56S, EV 83.1 MPH)
|
|
Batting: RHB Billy Walker
|
0-0: Ball 1-0: Called Strike 1-1: Ball 2-1: Ball 3-1: Base on Balls
|
|
Batting: RHB Jeff MacPhee
|
0-0: Foul Ball, location: 2F 0-1: Foul Ball, location: 2F 0-2: Ball 1-2: Fielders Choice at 2nd, 6-4 (Groundball, 6, EV 86.9 MPH)
|
| Bottom of the 7th over - 0 runs, 0 hits, 0 errors, 1 left on base; Tulsa 0 - Columbia 2 |
| TOP OF THE 8TH |
|
Tulsa Drillers batting - Pitching for Columbia Fireflies : RHP Ryan Hemmerich
|
|
Now in LF: Eddie Mitchell
|
|
|
Batting: SHB Xavier Alaniz
|
0-0: Foul Ball, location: 2F 0-1: Ground out 4-3 (Groundball, 4, EV 97.5 MPH)
|
|
Batting: RHB Koen van Oort
|
0-0: Fly out, F9 (Flyball, 9S, EV 87.5 MPH)
|
|
Batting: RHB Billy Valadez
|
0-0: Ball 1-0: Called Strike 1-1: Fly out, F9 (Flyball, 9LS, EV 91.2 MPH)
|
| Top of the 8th over - 0 runs, 0 hits, 0 errors, 0 left on base; Tulsa 0 - Columbia 2 |
| BOTTOM OF THE 8TH |
|
Columbia Fireflies batting - Pitching for Tulsa Drillers : RHP Luis Lorez
|
|
Pitching: RHP Jon Harris
|
|
|
Batting: LHB Roy Riess
|
0-0: Ball 1-0: Foul Ball, location: 2F 1-1: Called Strike 1-2: Ball 2-2: Strikes out looking
|
|
Batting: LHB Roy Blonski
|
0-0: Ball 1-0: Ball 2-0: Fly out, F9 (Flyball, 9LM, EV 84.4 MPH)
|
|
Batting: LHB Pete DeHart
|
0-0: SINGLE (Flyball, 6D, EV 89.4 MPH)
|
|
Batting: RHB Jonathan Jelich
|
0-0: Called Strike 0-1: Fly out, F8 (Flyball, 8LS, EV 70.6 MPH)
|
| Bottom of the 8th over - 0 runs, 1 hit, 0 errors, 1 left on base; Tulsa 0 - Columbia 2 |
| TOP OF THE 9TH |
|
Tulsa Drillers batting - Pitching for Columbia Fireflies : RHP Ryan Hemmerich
|
|
Now at 3B: Bobby Campbell
|
|
|
Pinch Hitting: LHB Kevin Wiebe
|
0-0: Foul Ball, location: 2F 0-1: Ball 1-1: Ball 2-1: Foul Ball, location: 2F 2-2: Foul Ball, location: 2F 2-2: Foul Ball, location: 2F 2-2: Ball 3-2: Base on Balls
|
|
Pitching: RHP Ryan Wilson
|
|
|
Batting: RHB Steve Haskins
|
0-0: Swinging Strike 0-1: Called Strike 0-2: Ball 1-2: Ball 2-2: Fielders Choice at 2nd, 3-6 (Groundball, 13, EV 83.1 MPH)
|
|
Batting: RHB Jesse White
|
Pickoff Throw to First - Error! E1 Steve Haskins to second 0-0: Ball 1-0: SINGLE (Groundball, 6MD, EV 103.8 MPH) Steve Haskins to third
|
|
Batting: LHB Nick McGraw
|
0-0: Ball Passed Ball! Steve Haskins scores Jesse White to second 1-0: Ball 2-0: Ball 3-0: Called Strike 3-1: Base on Balls
|
|
Batting: RHB Blake Beale
|
0-0: Called Strike 0-1: Ball 1-1: Ball 2-1: Called Strike 2-2: Ball 3-2: Foul Ball, location: 2F 3-2: Foul Ball, location: 2F 3-2: Strikes out swinging
|
|
Pitching: LHP Ryan Price
|
|
|
Batting: RHB Dave Cordero
|
0-0: SINGLE (Groundball, 6D, EV 105.0 MPH) Jesse White to third Nick McGraw to second Runner from 3rd tries for Home, SAFE, throw by CF to home
|
|
Batting: SHB Xavier Alaniz
|
0-0: Ground out 4-3 (Groundball, 4, EV 83.8 MPH)
|
| Top of the 9th over - 2 runs, 2 hits, 1 error, 2 left on base; Tulsa 2 - Columbia 2 |
| BOTTOM OF THE 9TH |
|
Columbia Fireflies batting - Pitching for Tulsa Drillers : RHP Jon Harris
|
|
Now at C: Kevin Wiebe
|
|
|
Batting: RHB Eddie Mitchell
|
0-0: Called Strike 0-1: Swinging Strike 0-2: SINGLE (Groundball, 56, EV 97.5 MPH) (infield hit)
|
|
Batting: RHB Ricky Trejo
|
0-0: Ball 1-0: Bunted foul 1-1: Ball 2-1: Sac Bunt to 25 - play at first, batter OUT! 5-4 Eddie Mitchell to second
|
|
Batting: RHB Omar Gonzalez
|
0-0: Ball Eddie Mitchell steals 3rd, throwing error, E2 Eddie Mitchell scores
|
| Bottom of the 9th over - 1 run, 1 hit, 1 error, 0 left on base; Tulsa 2 - Columbia 3 |
| |
|
Game Over ... Columbia defeats Tulsa, 3 to 2
|
|
|